 Dungeon Sprint DCSS version 0.18-a0-965-g9200175 (webtiles) character file.

1061 Ishamoridin the Cleaver (level 8, -7/83 HPs)
             Began as a Hill Orc Berserker on Jan 1, 2016.
             Was a Priest of Trog.
             Mangled by a centaur warrior (9 damage)
             ... in the Dungeon (Sprint I: "Red Sonja").
             The game lasted 00:05:10 (875 turns).

Ishamoridin the Cleaver (Hill Orc Berserker)         Turns: 875, Time: 00:05:13

Health: -7/83      AC: 13    Str: 22    XL:     8   Next: 27%
Magic:  8/8        EV: 12    Int:  7    God:    Trog [***...]
Gold:   177        SH:  0    Dex: 10    Spells: 0 memorised, 7 levels left

rFire  . . .     SeeInvis .     f - +3 scythe (protect)
rCold  . . .     Gourm    .     l - +0 scale mail
rNeg   . . .     Faith    .     (shield currently unavailable)
rPois  .         Spirit   .     (no helmet)
rElec  .         Dismiss  .     (no cloak)
rCorr  .         Reflect  .     (no gloves)
SustAt .         Harm     .     (no boots)
MR     .....     NoTele   +     (no amulet)
Stlth  ..........               (no ring)
                                (no ring)

@: exhausted, slowed, very slow, not resistant to hostile enchantments,
extremely unstealthy
A: no striking features
a: Berserk, Trog's Hand, Burn Spellbooks, Renounce Religion


You were in the Dungeon.
You worshipped Trog.
Trog was most pleased with you.
You were not hungry.

You visited 1 branch You collected 297 gold pieces.
You spent 120 gold pieces at shops.

Inventory:

Hand Weapons
 a - a +0 hand axe
 e - a cursed +0 giant club
 f - a +3 scythe of protection (weapon)
 k - a +0 club
Armour
 b - a +0 animal skin
 j - a +0 robe
 l - a +0 scale mail (worn)
Scrolls
 i - a scroll of blinking
 n - 2 scrolls of remove curse
Potions
 g - 2 potions of magic
 h - a potion of berserk rage
Comestibles
 c - 2 fruits


   Skills:
 + Level 12.2 Fighting
 + Level 13.3(13.4) Axes
 + Level 2.5(7.9) Polearms
 + Level 8.5 Armour
 + Level 5.9 Dodging


You had 7 spell levels left.
You didn't know any spells.

Dungeon Overview and Level Annotations

Branches:
Dungeon (1/1)

Altars:
Elyvilon
Gozag
Kikubaaqudgha
Makhleb
Nemelex Xobeh
Okawaru
Pakellas
Qazlal
Ru
Sif Muna
Trog
Vehumet
Xom
Yredelemnul
Zin
The Shining One

Shops:
D *


Message History

The centaur warrior hits you.
* * * LOW HITPOINT WARNING * * *
Your unstable footing causes you to fumble your attack.
You are no longer berserk.
You are exhausted.
You feel yourself slow down.
The centaur warrior hits you but does no damage. x2
Drink which item? (? for menu, Esc to quit)
You feel better. The centaur warrior closely misses you.
The centaur warrior hits you.
* * * LOW HITPOINT WARNING * * *
Drink which item? (? for menu, Esc to quit)
You're too exhausted to go berserk.
Your unstable footing causes you to fumble your attack.
The centaur warrior hits you!
* * * LOW HITPOINT WARNING * * *
The centaur warrior hits you.
* * * LOW HITPOINT WARNING * * *
The centaur warrior hits you!
You die...

##############
.#..'..#..'..#
.'..#..'..#..+
.#####'#####'# ###
.####..#...#.####§§#
.#__####..##.#§§§c§#
.#_.___##'#..'§§@§§+
⌠#_.∩"..'..._#(§§§§#
##_..._##_.#+##+####
#_____###+# #######


You could see a centaur warrior.

Vanquished Creatures
  A centaur warrior (D)
  Sigmund (D)
  A yak (D)
  An ogre (D)
  A jelly (D)
  Ijyb (D)
6 creatures vanquished.

Notes
Turn   | Place    | Note
--------------------------------------------------------------
     0 | D        | Ishamoridin the Hill Orc Berserker began the quest for the Orb.
     0 | D        | Reached XP level 1. HP: 19/19 MP: 1/1
     4 | D        | Noticed Ijyb
    18 | D        | Killed Ijyb
    18 | D        | Reached skill level 5 in Fighting
    18 | D        | Reached skill level 6 in Axes
    18 | D        | Reached XP level 2. HP: 13/29 MP: 2/2
    18 | D        | Reached XP level 3. HP: 16/36 MP: 3/3
   184 | D        | Noticed an ogre
   193 | D        | Killed an ogre
   193 | D        | Reached ** piety under Trog
   193 | D        | Reached skill level 7 in Fighting
   193 | D        | Reached skill level 8 in Axes
   193 | D        | Reached XP level 4. HP: 24/48 MP: 4/4
   506 | D        | Noticed Sigmund
   532 | D        | Killed Sigmund
   532 | D        | Reached skill level 9 in Fighting
   532 | D        | Reached skill level 10 in Axes
   532 | D        | Reached skill level 5 in Armour
   532 | D        | Reached XP level 5. HP: 39/57 MP: 5/5
   532 | D        | Reached XP level 6. HP: 43/64 MP: 6/6
   646 | D        | Found a deep blue altar of Sif Muna.
   648 | D        | Found a radiant altar of Vehumet.
   736 | D        | Found Xaoth's General Store.
   736 | D        | Found a white marble altar of Elyvilon.
   736 | D        | Found a stormy altar of Qazlal.
   736 | D        | Found a basalt altar of Yredelemnul.
   736 | D        | Found an iron altar of Okawaru.
   736 | D        | Found a sparkling altar of Nemelex Xobeh.
   736 | D        | Found a shimmering altar of Xom.
   736 | D        | Found an ancient bone altar of Kikubaaqudgha.
   736 | D        | Noticed a yak
   742 | D        | Killed a yak
   742 | D        | Reached *** piety under Trog
   742 | D        | Reached skill level 10 in Fighting
   742 | D        | Reached skill level 11 in Axes
   742 | D        | Reached skill level 1 in Polearms
   743 | D        | Found a burning altar of Makhleb.
   743 | D        | Found a sacrificial altar of Ru.
   743 | D        | Found an oddly glowing altar of Pakellas.
   743 | D        | Found a glowing golden altar of the Shining One.
   743 | D        | Found an opulent altar of Gozag.
   743 | D        | Found a glowing silver altar of Zin.
   746 | D        | Found a bloodstained altar of Trog.
   847 | D        | Bought 2 fruits for 30 gold pieces
   847 | D        | Bought 3 scrolls of remove curse for 90 gold pieces
   860 | D        | Noticed a centaur warrior
   860 | D        | Noticed a centaur warrior
   867 | D        | Killed a centaur warrior
   867 | D        | Reached skill level 12 in Fighting
   867 | D        | Reached skill level 13 in Axes
   867 | D        | Reached skill level 5 in Dodging
   867 | D        | Reached XP level 7. HP: 19/77 MP: 7/7
   867 | D        | Reached XP level 8. HP: 20/83 MP: 8/8
   875 | D        | HP: 2/83 [centaur warrior (6)]
   875 | D        | Mangled by a centaur warrior

Vault maps used:
D:        dungeon_sprint_1

Action                   |  1- 3 |  4- 6 |  7- 9 || total
-------------------------+-------+-------+-------++-------
Melee: Hand axe          |    18 |    19 |       ||    37
       Scythe            |       |    11 |     7 ||    18
Invok: Berserk           |     1 |     2 |       ||     3
       Trog's Hand       |       |     1 |       ||     1
  Use: Potion            |     2 |       |     1 ||     3
       Scroll            |       |     2 |       ||     2
  Eat: Bread ration      |       |     1 |       ||     1
       Chunk             |       |     1 |       ||     1
